 Dungeon Crawl Stone Soup version 0.27.1-33-g824d729ab1 (webtiles) character file.

Game seed: 8685948144421824051

12456 pkoi the Grappler (level 11, -5/92 HPs)
             Began as a Black Draconian Gladiator on Dec 16, 2021.
             Was a Follower of Dithmenos.
             Slain by a komodo dragon (24 damage)
             ... on level 3 of the Lair of Beasts.
             The game lasted 00:24:23 (17143 turns).

pkoi the Grappler (Black Draconian Gladiator)      Turns: 17143, Time: 00:24:23

Health: -5/92      AC:  9    Str: 13    XL:     11   Next: 62%
Magic:  17/17      EV: 16    Int: 18    God:    Dithmenos [*.....]
Gold:   564        SH:  0    Dex: 17    Spells: 13/18 levels left

rFire    . . .     SeeInvis .     - Unarmed
rCold    . . .     Faith    .   (no shield)
rNeg     + . .     Spirit   .   (armour unavailable)
rPois    +         Reflect  .   a - +1 hat
rElec    +         Harm     .   (no cloak)
rCorr    .         Rampage  .   (no gloves)
Will     .....                  y - +0 pair of boots
Stlth    ++........             v - amulet of the Manifold Moons {Acrobat rPois rN+ Str-3 Dex+4}
HPRegen  0.25/turn              k - +4 ring of slaying
MPRegen  0.15/turn              j - +6 ring of intelligence

@: wreathed by umbra
A: breathe lightning, AC +7, unfitting armour, electricity resistance,
cold-blooded
a: Breathe Lightning, Renounce Religion


You were on level 3 of the Lair of Beasts.
You worshipped Dithmenos.
Dithmenos was aware of your devotion.
You visited 3 branches of the dungeon, and saw 15 of its levels.

You collected 564 gold pieces.

Inventory:

Hand Weapons
 h - a +1 hand axe of venom
 l - a +1 dagger
 C - the +6 quarterstaff "Ifaxyang" {elec, Drain rF++ Int+2 SInv}
   (You found it on level 8 of the Dungeon)

   It occasionally discharges a powerful burst of electricity upon striking a
   foe.
   Int:       It affects your intelligence (+2).
   rF:        It greatly protects you from fire.
   SInv:      It lets you see invisible.
   Drain:     It drains your maximum health when unequipped.
Missiles
 b - 3 throwing nets
 n - 92 poisoned darts (quivered)
 B - 2 datura-tipped darts
Armour
 a - a +1 hat (worn)
 y - a +0 pair of boots (worn)
Jewellery
 j - a +6 ring of intelligence (right hand)
 k - a +4 ring of slaying (left hand)
 u - a ring of fire
 v - the amulet of the Manifold Moons (around neck) {Acrobat rPois rN+ Str-3 Dex+4}
   (You acquired it on level 6 of the Dungeon)

   [amulet of the acrobat]

   It increases your evasion while moving and waiting.
   Str:       It affects your strength (-3).
   Dex:       It affects your dexterity (+4).
   rPois:     It protects you from poison.
   rN:        It protects you from negative energy.
 z - a ring of see invisible
Wands
 e - a wand of charming (5)
 q - a wand of iceblast (12)
 A - a wand of flame (10)
 E - a wand of mindburst (16)
Scrolls
 c - 2 scrolls of enchant weapon
 f - 2 scrolls of amnesia
 o - 5 scrolls of teleportation
 s - a scroll of brand weapon
 x - 6 scrolls of identify
 F - 3 scrolls of enchant armour
Potions
 d - 4 potions of haste
 g - 4 potions of brilliance
 i - 4 potions of heal wounds
 m - 4 potions of flight
 p - 11 potions of curing
 t - a potion of ambrosia
 w - a potion of resistance
 D - a potion of cancellation
 G - a potion of berserk rage


   Skills:
 - Level 7.2 Fighting
 - Level 1.7 Throwing
 + Level 7.2 Dodging
 - Level 2.0 Stealth
 * Level 13.5 Unarmed Combat
 - Level 4.0 Spellcasting
 - Level 5.0 Translocations
 + Level 2.8 Transmutations
 + Level 2.8 Ice Magic


You had 13 spell levels left.
You knew the following spells:

 Your Spells              Type           Power      Damage    Failure   Level
a - Apportation           Tloc           42%        N/A       1%          1
b - Ice Form              Ice/Tmut       13%        N/A       41%         4

Your spell library contained the following spells:

 Spells                   Type           Power      Damage    Failure   Level
 Animate Skeleton         Necr           6%         N/A       14%         1
 Corona                   Hex            3%         N/A       14%         1
 Magic Dart               Conj           12%        1d3       14%         1
 Summon Small Mammal      Summ           12%        N/A       14%         1
 Portal Projectile        Hex/Tloc       24%        N/A       16%         3
 Searing Ray              Conj           6%         3d3       22%         2
 Slow                     Hex            3%         N/A       22%         2
 Call Canine Familiar     Summ           3%         N/A       41%         3
 Confusing Touch          Hex            3%         N/A       41%         3
 Dazzling Flash           Conj/Hex       6%         N/A       41%         3
 Vampiric Draining        Necr           1%         2d6       41%         3
 Iskenderun's Mystic Bla  Conj/Tloc      12%        2d5       45%         4
 Hailstorm                Conj/Ice       8%         3d4       63%         4
 Fulminant Prism          Conj/Hex       1%         3d6       82%         4
 Leda's Liquefaction      Hex/Erth       1%         N/A       82%         4
 Simulacrum               Ice/Necr       4%         N/A       100%        6
 Starburst                Conj/Fire      1%         6d3       100%        6


Dungeon Overview and Level Annotations

Branches:
Dungeon (11/15)            Temple (1/1) D:7            Lair (3/6) D:11
  Swamp: Lair:2-4    Shoals: Lair:2-4     Snake: Lair:2-4    Spider: Lair:2-4
    Orc: D:9-12

Altars:
Ashenzari
Cheibriados
Dithmenos
Elyvilon
Fedhas
Gozag
Hepliaklqana
Kikubaaqudgha
Makhleb
Nemelex Xobeh
Okawaru
Qazlal
Ru
Sif Muna
Trog
Uskayaw
Vehumet
Wu Jian
Xom
Yredelemnul
Zin
The Shining One

Shops:
D:1 ?   D:10 (

Annotations:
D:3 1 runed translucent door, lonewolfV2's ghost, amateur OgFi


Innate Abilities, Weirdness & Mutations

You can breathe wild blasts of lightning.
Your glossy black scales are hard. (AC +7)
You cannot fit into any form of body armour.
You are resistant to electric shocks. (rElec)
You are cold-blooded and may be slowed by cold attacks.


Message History

The komodo dragon is lightly wounded.
You punch the komodo dragon!
The komodo dragon is moderately wounded.
The komodo dragon barely misses you.
You hit the komodo dragon.
You tail-slap the komodo dragon, but do no damage.
The komodo dragon is moderately wounded.
The komodo dragon barely misses you.
You punch the komodo dragon!
The komodo dragon is heavily wounded.
The komodo dragon bites you!!
You are too injured to fight recklessly!
You are too injured to fight recklessly!
You are too injured to fight recklessly!
You are too injured to fight recklessly!
You are too injured to fight recklessly!
You are too injured to fight recklessly!
You are too injured to fight recklessly!
You are too injured to fight recklessly!
You are too injured to fight recklessly!
You are too injured to fight recklessly!
You are too injured to fight recklessly!
You punch the komodo dragon!
The komodo dragon is severely wounded.
You hit the komodo dragon but do no damage.
The komodo dragon is severely wounded.
The komodo dragon bites you!!
* * * LOW HITPOINT WARNING * * *
You hit the komodo dragon.
The komodo dragon is severely wounded.
The komodo dragon misses you.
You hit the komodo dragon but do no damage.
The komodo dragon is severely wounded.
You hit the komodo dragon but do no damage.
The komodo dragon is severely wounded.
The komodo dragon closely misses you.
You closely miss the komodo dragon.
The komodo dragon is severely wounded.
The komodo dragon bites you!!
You die...

#...... .# .
##.....# #..
..#....... ...#
.........#....#
.......#...
#.......
#..l..##
##...@..###+#.
#.............
................
................
................
................
................
................
...............


You could see a komodo dragon.

Vanquished Creatures
  A wizard (D:10)
  Pikel (D:7)
  A deep elf pyromancer (D:8)
  3 black mambas
  A kobold demonologist (D:5)
  3 cane toads
  A rime drake (Lair:1)
  A komodo dragon (Lair:1)
  Grinder (D:5)
  A hornet (D:8)
  5 blink frogs (Lair:1)
  2 wyverns
  4 yaks
  A basilisk (D:11)
  3 steam dragons
  A vampire mosquito (D:11)
  2 acid dragons
  7 water moccasins
  2 orc warriors (D:8)
  An ice beast (D:6)
  A black bear (Lair:2)
  4 centaurs
  5 necrophages
  An ogre (D:3)
  3 lemures (D:7)
  3 phantoms
  3 kobold brigands
  7 bullfrogs
  A gnoll sergeant (D:6)
  2 wyvern zombies (D:8)
  3 scorpions
  A water moccasin skeleton (D:7)
  A wyvern skeleton (D:7)
  4 killer bees
  5 howler monkeys
  2 bullfrog zombies
  3 centaur zombies
  A hound (D:7)
  A jelly (D:6)
  5 orc priests
  An iguana (D:5)
  11 orc wizards
  A hound skeleton (D:4)
  3 howler monkey zombies
  Robin (D:4)
  8 gnolls
  4 adders
  2 shadow imps
  An adder skeleton (D:4)
  2 dart slugs
  32 orcs
  8 bats
  6 endoplasms
  4 giant cockroaches
  10 goblins
  9 hobgoblins
  11 jackals
  4 quokkas
  9 ball pythons
  2 frilled lizards
  13 kobolds
  9 rats
249 creatures vanquished.

Vanquished Creatures (others)
  An ugly thing (D:10)
  5 fungi
  3 plants (Lair:1)
9 creatures vanquished.

Grand Total: 258 creatures vanquished

Notes
Turn   | Place    | Note
-------+----------+-------------------------------------------
     0 | D:1      | pkoi the Draconian Gladiator began the quest for the Orb.
     0 | D:1      | Reached XP level 1. HP: 17/17 MP: 1/1
   197 | D:1      | Reached XP level 2. HP: 18/24 MP: 2/2
   532 | D:1      | Reached skill level 4 in Unarmed Combat
   683 | D:1      | Found Dacetyxupp's Magic Scroll Shop.
   698 | D:1      | Reached XP level 3. HP: 19/29 MP: 3/3
  1455 | D:2      | Noticed a phantom
  2021 | D:2      | Killed a phantom
  2022 | D:2      | Reached skill level 5 in Unarmed Combat
  2022 | D:2      | Reached XP level 4. HP: 32/36 MP: 4/4
  2060 | D:2      | Reached XP level 5. HP: 33/41 MP: 5/5
  2367 | D:3      | Reached skill level 6 in Unarmed Combat
  2531 | D:3      | Found a runed translucent door.
  2531 | D:3      | Noticed lonewolfV2's ghost (amateur OgFi)
  2578 | D:3      | Found a faded altar of an unknown god.
  3057 | D:4      | Noticed Robin
  3057 | D:4      | Noticed an ogre
  3148 | D:3      | Killed an ogre
  3149 | D:3      | Reached XP level 6. HP: 25/48 MP: 6/6
  3472 | D:4      | Killed Robin
  3473 | D:4      | Reached skill level 7 in Unarmed Combat
  3661 | D:4      | HP: 2/48 [gnoll (6)]
  4094 | D:4      | Reached skill level 8 in Unarmed Combat
  4094 | D:4      | Your scales start taking on a glossy black colour.
  4094 | D:4      | Reached XP level 7. HP: 48/55 MP: 7/7
  4094 | D:4      | Gained mutation: You are resistant to electric shocks.
                  | (rElec) [Black Draconian growth]
  4232 | D:4      | Learned a level 1 spell: Apportation
  4289 | D:4      | Reached skill level 1 in Translocations
  4496 | D:5      | Entered Level 5 of the Dungeon
  4570 | D:5      | Reached skill level 1 in Spellcasting
  4583 | D:5      | Identified the +5 flail of Diet Blood {protect, Will+ Str-4
                  | Int+3}
  5090 | D:5      | Noticed a kobold demonologist
  5148 | D:5      | Noticed Grinder
  5511 | D:5      | Noticed a chaos spawn
  5518 | D:5      | Noticed a hellwing
  5518 | D:5      | Killed a kobold demonologist
  5519 | D:5      | Reached XP level 8. HP: 46/61 MP: 9/11
  5760 | D:5      | Killed Grinder
  5761 | D:5      | Reached skill level 9 in Unarmed Combat
  6260 | D:6      | Identified a scroll of acquirement
  6260 | D:6      | Acquired the amulet of the Manifold Moons {Acrobat rPois
                  | rN+ Str-3 Dex+4}
  6943 | D:6      | Reached skill level 5 in Translocations
  7816 | D:7      | Reached XP level 9. HP: 66/68 MP: 15/15
  7829 | D:7      | Found a staircase to the Ecumenical Temple.
  7914 | Temple   | Entered the Ecumenical Temple
  8157 | Temple   | Became a worshipper of Dithmenos the Shadowed
  8288 | D:7      | Reached skill level 10 in Unarmed Combat
  8738 | D:7      | Noticed Pikel
  8751 | D:7      | Killed Pikel
  9507 | D:8      | Found a sacrificial altar of Ru.
  9844 | D:8      | Reached skill level 11 in Unarmed Combat
 10105 | D:8      | Reached skill level 5 in Fighting
 10652 | D:8      | Reached XP level 10. HP: 67/81 MP: 16/16
 10927 | D:8      | Identified the +6 quarterstaff "Ifaxyang" {elec, Drain rF++
                  | Int+2 SInv}
 11071 | D:9      | Reached skill level 5 in Dodging
 11490 | D:9      | Noticed a deep elf pyromancer
 12136 | D:9      | Reached * piety under Dithmenos
 12437 | D:9      | Reached skill level 12 in Unarmed Combat
 12608 | D:10     | Entered Level 10 of the Dungeon
 12628 | D:10     | Found Udor's Antique Weapon Boutique.
 12682 | D:10     | Noticed a purple ugly thing
 12736 | D:10     | Noticed a cyclops
 12736 | D:10     | Noticed a death knight
 12813 | D:10     | Noticed a two-headed ogre
 13226 | D:10     | Identified the +2 scale mail of the Tuna {rElec}
 13380 | D:10     | Noticed a brown ugly thing
 13558 | D:8      | Killed a deep elf pyromancer
 14179 | D:10     | Noticed a centaur warrior
 14293 | D:10     | Noticed a wizard
 14299 | D:10     | Killed a wizard
 14309 | D:10     | Killed a brown ugly thing
 14310 | D:10     | Reached XP level 11. HP: 50/92 MP: 17/17
 14604 | D:11     | Noticed a two-headed ogre
 14788 | D:11     | Found a staircase to the Lair.
 14826 | Lair:1   | Entered Level 1 of the Lair of Beasts
 14826 | Lair:1   | Found a broken altar of Ashenzari.
 14938 | Lair:1   | Reached skill level 1 in Stealth
 15083 | Lair:1   | Learned a level 4 spell: Ice Form
 15165 | Lair:1   | Reached skill level 13 in Unarmed Combat
 15172 | Lair:1   | Reached skill level 1 in Transmutations
 15172 | Lair:1   | Reached skill level 1 in Ice Magic
 17143 | Lair:3   | Slain by a komodo dragon

Illustrated notes

Levels and vault maps discovered:
D:1:      elethiomel_arrival_infinity_welcomes_careful_drivers, layout_rooms,
          serial_shops, shop_scrolls
D:2:      layout_loops_ring
D:3:      layout_rooms, ebering_ghost_inner_flame,
          shapermc_ecumenical_altar_acropolis, gup_sewer_entry_bowl,
          kennysheep_generic_room_8
D:4:      layout_rooms, kennysheep_flooded_box, uniq_robin
D:5:      layout_gridville, uniq_grinder
D:6:      layout_gridville, minivault_23, minivault_4, small_statue_intersection
D:7:      layout_loops_corners, minmay_temple_entry_nine_rooms, uniq_pikel
D:8:      minmay_razor_zed, layout_gridville, nicolae_ru_sacrificial_ziggurat
D:9:      layout_basic, grunt_tough_drop
D:10:     layout_roguey, orc_0_dummy, serial_shops, nicolae_diamond_shop,
          minmay_ruined_shrine
D:11:     layout_roguey, lair_entry_dummy
Temple:   compressed_dpeg_triangle_lava_temple
Lair:1:   layout_chaotic_city, basic_altar, serial_bayou_pond_e
Lair:2:   layout_hall_layers
Lair:3:   layout_regular_city, st_stairs_13, lemuel_old_faithful,
          grunt_megastairs_2, infiniplex_staircase_pool_2, serial_bayou_shore_a

Skill      XL: |  1  2  3  4  5  6  7  8  9 10 11 |
---------------+----------------------------------+-----
Unarmed Combat | 4 5 6 8 9 11 12 13 | 13.5
Translocations | 2 5 |  5.0
Spellcasting   | 2 4 |  4.0
Dodging        | 4 6 7 |  7.2
Fighting       | 5 7 |  7.2
Stealth        | 2 |  2.0
Transmutations | 2 |  2.8
Ice Magic      | 2 |  2.8
Throwing       | |  1.7

Action                   |  1- 3 |  4- 6 |  7- 9 | 10-12 || total
-------------------------+-------+-------+-------+-------++-------
Melee: Unarmed           |   124 |   145 |   341 |   294 ||   904
       Tailslap          |    21 |     9 |    54 |    40 ||   124
       Punch             |       |     5 |    14 |    23 ||    42
Throw: Dart              |       |       |       |     7 ||     7
 Abil: Breathe Lightning |       |       |       |     3 ||     3
Evoke: Wand              |       |       |       |     4 ||     4
  Use: Scroll            |       |     7 |    12 |     2 ||    21
       Potion            |       |       |       |     1 ||     1
 Stab: Sleeping          |     3 |       |     3 |     3 ||     9
       Distracted        |       |     1 |       |     1 ||     2
       Invisible         |       |       |       |     2 ||     2
Armor: Skin              |    34 |    52 |    74 |    64 ||   224
Dodge: Dodged            |    94 |    93 |   176 |   204 ||   567
Block: Other             |       |    30 |    15 |       ||    45
       Reflection        |       |     3 |     1 |       ||     4
